 Dungeon Crawl Stone Soup version 0.29.1-2-gbd0b4ee654 (webtiles) character file.

Game seed: 4261381843598709644

1215 Icepheonix32 the Frost Mage (level 8, -3/46 HPs)
             Began as an Octopode Ice Elementalist on Oct 31, 2022.
             Killed by divine providence
             ... invoked by an orc priest
              (16 damage)
             ... on level 8 of the Dungeon.
             The game lasted 00:12:03 (6632 turns).

Icepheonix32 the Frost Mage (OpIE)                  Turns: 6632, Time: 00:12:03

Health: -3/46      AC:  1    Str:  8    XL:     8   Next: 46%
Magic:  9/11       EV: 13    Int: 17    God:
Gold:   156        SH:  0    Dex: 14    Spells: 0/11 levels left

rFire   . . .      SeeInvis .   b - staff of cold
rCold   + . .      Faith    .   (no shield)
rNeg    . . .      Spirit   .   (helmet restricted)
rPois   .          Reflect  .   g - amulet of magic regeneration
rElec   .          Harm     .   (no ring)
rCorr   .          Rampage  .   (no ring)
Will    .....                   (no ring)
Stlth   +++.......              (no ring)
HPRegen 0.15/turn               (no ring)
MPRegen 0.52/turn               (no ring)
                                (no ring)
                                (no ring)

@: hasted, very quick
A: almost no armour, amphibious, 8 rings, camouflage 1, gelatinous body 1,
(nimble swimmer 1), tentacles
a: no special abilities


You were on level 8 of the Dungeon.
You visited 1 branch of the dungeon, and saw 6 of its levels.
You also visited: Sewer.

You collected 156 gold pieces.

Inventory:

Hand Weapons
 d - a +0 spear
 e - a +1 rapier
Missiles
 k - 2 curare-tipped darts
 p - 3 boomerangs
Magical Staves
 b - a staff of cold (weapon)
Jewellery
 g - an amulet of magic regeneration (around mantle)
Scrolls
 f - a scroll of teleportation
 i - a scroll of fear
 j - a scroll of enchant armour
 l - a scroll of summoning
 o - 4 scrolls of silence
Potions
 a - a potion of magic
 c - 2 potions of curing
 h - a potion of haste
 m - 2 potions of heal wounds {unknown}
 n - a potion of resistance {unknown}
 q - 2 potions of flight {unknown}


   Skills:
 + Level 0.1 Staves
 * Level 2.1 Dodging
 + Level 3.2 Stealth
 + Level 2.1 Spellcasting
 * Level 10.3 Ice Magic
 * Level 1.8 Evocations


You couldn't memorise any spells.
You knew the following spells:

 Your Spells              Type           Power      Damage    Failure   Level
a - Freeze                Ice            100%       1d11      1%          1
b - Ozocubu's Armour      Ice            53%        N/A       1%          3
c - Frozen Ramparts       Ice            100%       1d16      1%          3
d - Hailstorm             Conj/Ice       29%        3d8       22%         4

Your spell library contained the following spells:

 Spells                   Type           Power      Damage    Failure   Level
 Magic Dart               Conj           4%         1d3       19%         1
 Searing Ray              Conj           2%         2d4       28%         2
 Fulminant Prism          Conj/Hex       0%         3d6       88%         4


Dungeon Overview and Level Annotations

Branches:
Dungeon (8/15)               Lair (0/5) D:8           Sewer (visited)
 Temple: D:4-7

Altars:


Innate Abilities, Weirdness & Mutations

You cannot wear most types of armour.
You are amphibious.
You can wear up to eight rings at the same time.
Your skin changes colour to match your surroundings (Stealth+).
Your rubbery body absorbs attacks. (AC +1, EV +1)
((You are camouflaged when in or above water. (Stealth+)))
You have tentacles for arms and can constrict up to eight enemies at once.


Message History

The elephant barely misses you. The elephant misses you.
Casting: Freeze (safe; 1% risk of failure)
Confirm with . or Enter, or press ? or * to list all spells.
Casting: Frozen Ramparts (safe; 1% risk of failure)
Press: ? - help, Dir - look around, f - activate You feel a surge of power!
The walls around you are covered in ice.
The orc priest shouts!
You hear a bellow!
You hear a shout!
The wall freezes the elephant.
The elephant misses you. The elephant trunk-slaps you.
The wall freezes the orc priest!
The orc priest miscasts a cantrip.
Casting: Frozen Ramparts (safe; 1% risk of failure)
Confirm with . or Enter, or press ? or * to list all spells.
Aiming: Freeze (safe; 1% risk of failure)
Press: ? - help, Shift-Dir - straight line, f - elephant
Aim: an elephant (lightly wounded)
You feel a surge of power!
You freeze the elephant!
The elephant is lightly wounded.
The wall freezes the elephant.
The elephant tramples you.
* * * LOW HITPOINT WARNING * * *
You stumble backwards!
Your icy armour cracks and falls away as you move.
The frozen ramparts melt away as you move.
Found a ring mail.
You feel yourself speed up.
The elephant tramples you but does no damage.
The elephant misses you.
An orc warrior and an orc come into view.
Found a wooden wand.
The orc shouts!
The orc warrior shouts!
An orc comes into view. It is wielding a +0 vorpal hand axe.
The orc shouts!
The orc shouts!
An orc wizard comes into view. It is wielding a +0 dagger.
The orc priest looks satisfied for a moment.
Found a stone staircase leading down.
Found a scale mail.
The orc priest invokes the aid of Beogh against you.
Beogh smites you!
You die...

>.....#.#
......#Y#
....o.#o#####..
.. #.......o./
. #o<.o.o.##.
##.Y###....
#..# ##. #..#
#.@# #....#
#.......#
........#
#####.>## #..
#.[ #..


You could see an elephant, a yak, an orc priest, an orc wizard and 2 orcs.

Vanquished Creatures
  Pikel (D:4)
  A basilisk (D:8)
  A lemure (D:4)
  3 kobold brigands (Sewer)
  A hound (D:4)
  A jelly (D:5)
  2 orc priests
  Jessica (D:3)
  Terence (D:3)
  An orc wizard (D:8)
  An iguana (D:5)
  8 adders
  5 worms
  6 orcs
  10 bats
  7 endoplasms
  6 giant cockroaches
  8 goblins
  7 hobgoblins
  8 kobolds
  6 quokkas
  13 ball pythons
  4 frilled lizards
  14 rats
116 creatures vanquished.

Vanquished Creatures (others)
  A fungus (D:2)
  A plant (D:2)
2 creatures vanquished.

Grand Total: 118 creatures vanquished

Notes
Turn   | Place    | Note
-------+----------+-------------------------------------------
     0 | D:1      | Icepheonix32 the Octopode Ice Elementalist began the quest
                  | for the Orb.
     0 | D:1      | Reached XP level 1. HP: 11/11 MP: 3/3
   260 | D:1      | Reached XP level 2. HP: 10/17 MP: 0/5
   985 | D:1      | Identified a scroll of acquirement
   986 | D:1      | Acquired a staff of cold
  1320 | D:2      | Reached XP level 3. HP: 21/21 MP: 4/6
  1324 | D:2      | Learned a level 3 spell: Ozocubu's Armour
  1426 | D:2      | Reached skill level 5 in Ice Magic
  1480 | D:2      | Found a faded altar of an unknown god.
  2255 | D:3      | Noticed Jessica
  2264 | D:3      | Killed Jessica
  2265 | D:3      | Reached XP level 4. HP: 25/27 MP: 4/7
  3120 | D:3      | Noticed Terence
  3126 | D:3      | Killed Terence
  3127 | D:3      | Reached skill level 6 in Ice Magic
  3342 | D:3      | Reached XP level 5. HP: 31/31 MP: 6/8
  3493 | D:4      | Noticed Pikel
  3493 | D:4      | Noticed a lemure
  3493 | D:4      | Noticed a lemure
  3493 | D:4      | Noticed a lemure
  3493 | D:4      | Noticed a lemure
  3628 | D:4      | Killed a lemure
  3710 | D:4      | Found a glowing drain.
  3717 | Sewer    | Entered a sewer
  3893 | Sewer    | Noticed a kobold brigand
  3905 | Sewer    | Killed a kobold brigand
  3906 | Sewer    | Reached skill level 7 in Ice Magic
  3912 | Sewer    | Learned a level 3 spell: Frozen Ramparts
  4056 | Sewer    | Reached XP level 6. HP: 36/36 MP: 9/9
  4835 | Sewer    | Reached skill level 8 in Ice Magic
  5548 | D:4      | Reached XP level 7. HP: 35/41 MP: 10/10
  5671 | D:4      | Killed Pikel
  5672 | D:4      | Reached skill level 9 in Ice Magic
  5672 | D:4      | Reached XP level 8. HP: 39/46 MP: 8/11
  5729 | D:4      | Reached skill level 10 in Ice Magic
  6373 | D:4      | Learned a level 4 spell: Hailstorm
  6384 | D:5      | Entered Level 5 of the Dungeon
  6547 | D:5      | You fall into a shaft and drop 3 floors!
  6599 | D:8      | Found a staircase to the Lair.
  6599 | D:8      | Noticed a yak
  6599 | D:8      | Noticed an elephant
  6614 | D:8      | Reached skill level 1 in Evocations
  6632 | D:8      | Killed from afar by an orc priest

Illustrated notes

Levels and vault maps discovered:
D:1:      amcnicky_arrival_single_pillar, layout_loops_ring,
          chequers_serial_rivers_large_a, nicolae_figureground_sparkle
D:2:      layout_basic, shapermc_ecumenical_altar_mp_urbaneastern,
          grunt_ministairs_7, small_statue_intersection
D:3:      layout_basic, wander_ebering_terrifying_dragon_lair, uniq_jessica,
          uniq_terence
D:4:      layout_cave_pods, gup_sewer_entry_bubbles, uniq_pikel
D:5:      layout_basic, serial_shops, shop_fountains, shop, shop_statue, shop,
          shop, uniq_edmund
D:8:      layout_loops_ring, david_lair_generic, enter_bailey_7, uniq_maurice

Skill      XL: |  1  2  3  4  5  6  7  8 |
---------------+-------------------------+-----
Ice Magic      | 5 6 7 8 9 10 | 10.3
Stealth        | 3 |  3.2
Evocations     | 1 |  1.8
Staves         | |  0.1
Dodging        | |  2.1
Spellcasting   | |  2.1

Action                   |  1- 3 |  4- 6 |  7- 9 || total
-------------------------+-------+-------+-------++-------
Melee: Rapier            |    21 |       |       ||    21
       Constrict         |     9 |    26 |     8 ||    43
       Spear             |     1 |       |       ||     1
       Tentacles         |     4 |    21 |     9 ||    34
       Staff             |     4 |   111 |    22 ||   137
       Punch             |       |       |     1 ||     1
 Cast: Freeze            |    33 |    43 |    13 ||    89
       Ozocubu's Armour  |       |     4 |     3 ||     7
       Frozen Ramparts   |       |       |     4 ||     4
  Use: Scroll            |     6 |     5 |       ||    11
       Potion            |     1 |     2 |     1 ||     4
 Stab: Sleeping          |     2 |    18 |       ||    20
       Distracted        |       |       |     1 ||     1
Armor: Skin              |     9 |     6 |     2 ||    17
Dodge: Dodged            |    36 |    78 |    23 ||   137
